 Dungeon Crawl Stone Soup version 0.31-a0-963-ga325b2283a (webtiles) character file.

Game seed: 9575841308546473686

1131 Xavori the Trooper (level 8, -7/59 HPs)
             Began as a Djinni Chaos Knight on Oct 24, 2023.
             Was a Plaything of Xom.
             Mangled by an orange demon (8 damage)
             ... summoned by Xom
             ... on level 6 of the Dungeon.
             The game lasted 00:05:46 (12722 turns).

Xavori the Trooper (Djinni Chaos Knight)           Turns: 12722, Time: 00:05:47

Health: -7/59      AC:  7    Str: 11      XL:     8   Next: 62%
Gold:   1564       EV: 12    Int: 12      God:    Xom [......] SH:  4 Dex: 14 (15)

rFire   + + .        a - +0 falchion (chaos)
rCold   . . .        A - +0 buckler
rNeg    . . .        b - +2 leather armour
rPois   ∞            (helmet restricted)
rElec   .            (no cloak)
rCorr   .            (no gloves)
SInv    .            (boots unavailable)
Will    .....        (no amulet)
Stlth   ++           n - ring of protection from cold
HPRegen 0.29/turn    (no ring)
MPRegen 0.00/turn

%: infuse magic (-8 HP)
@: flying, hasted, very quick
A: sickness immunity, fire resistance 2, cold vulnerability 1, float, innate
caster, HP casting, extra vitality 1, antennae 1, iridescent scales 1,
camouflage 1, dopey 1, screaming 1, wild magic 1, MP-powered wands
a: Renounce Religion


You were on level 6 of the Dungeon.
You worshipped Xom.
You were a very special plaything of Xom.
You visited 1 branch of the dungeon, and saw 6 of its levels.
You also visited: Sewer.

You collected 1564 gold pieces.

Inventory:

Hand Weapons
 a - a +0 falchion of chaos (weapon)
Armour
 b - a +2 leather armour (worn)
 A - a +0 buckler (worn)
Jewellery
 n - a ring of protection from cold (left hand)
 D - a +6 ring of strength
Wands
 v - a wand of iceblast (24)
 w - a wand of paralysis (5)
 B - a wand of mindburst (10)
Scrolls
 c - 2 scrolls of butterflies
 d - 2 scrolls of fog {unknown}
 i - a scroll of noise {unknown}
 k - 7 scrolls of identify {unknown}
 o - a scroll of enchant weapon {unknown}
 p - 2 scrolls of teleportation {unknown}
 q - a scroll of vulnerability {unknown}
 r - a scroll of revelation {unknown}
 s - a scroll of brand weapon {unknown}
 t - a scroll of amnesia {unknown}
 y - a scroll of poison {unknown}
 z - a scroll of enchant armour {unknown}
 C - 3 scrolls of fear {unknown}
Potions
 e - 2 potions of might
 f - a potion of degeneration {unknown}
 g - a potion of haste
 h - a potion of resistance {unknown}
 j - 3 potions of enlightenment
 l - 2 potions of heal wounds
 m - 4 potions of curing
 u - 2 potions of ambrosia {unknown}
 x - a potion of mutation {unknown}


   Skills:
 + Level 5.0 Fighting
 + Level 4.5 Long Blades
 + Level 4.0 Armour
 + Level 4.9 Dodging
 * Level 3.4 Spellcasting
 * Level 3.4 Conjurations
 * Level 3.4 Hexes
   Level 0.0 Charms
 * Level 3.4 Summonings
 * Level 3.4 Necromancy
 * Level 3.4 Translocations
 * Level 3.4 Transmutations
 * Level 3.4 Fire Magic
 * Level 3.4 Ice Magic
 * Level 3.4 Air Magic
 * Level 3.4 Earth Magic
 * Level 3.4 Poison Magic


You knew the following spells:

 Your Spells              Type           Power      Damage    Failure   Level
a - Slow                  Hex            52%        N/A       16%         1
b - Poisonous Vapours     Pois/Air       26%        N/A       24%         2
c - Tukima's Dance        Hex            13%        N/A       41%         3
Your spell library was empty.

Dungeon Overview and Level Annotations

Branches:
Dungeon (6/15)             Temple (0/1) D:4           Sewer (visited)

Altars:
Fedhas
Hepliaklqana
Okawaru
Xom
The Shining One


Innate Abilities, Weirdness & Mutations

You are immune to sickness and miasma.
You are immune to poison.
Your flesh is very heat resistant. (rF++)
You are vulnerable to cold. (rC-)
You float through the air rather than walking.
You learn spells naturally, not from books.
Your magical power is your life essence.
You have superior vitality. (+4 MHP)
You have a pair of small antennae on your head.
You are partially covered in iridescent scales. (AC +2)
Your skin changes colour to match your surroundings (Stealth+).
You are dopey. (Int -2)
You occasionally shout uncontrollably at your foes.
Your spells are a little harder to cast, but a little more powerful.
You expend health (3 HP) to strengthen your wands.


Message History

You barely miss the wyvern.
The wyvern is moderately wounded.
The wyvern bites you.
You closely miss the wyvern.
The wyvern is moderately wounded.
The wyvern closely misses you.
You hit the wyvern but do no damage.
The wyvern is moderately wounded.
The wyvern bites you but does no damage.
You hit the wyvern but do no damage.
The wyvern is moderately wounded.
The wyvern barely misses you.
You hit the wyvern.
The wyvern appears confused.
The wyvern is heavily wounded.
The wyvern barely misses you.
You hit the wyvern.
The wyvern is severely wounded.
You hear Xom's maniacal laughter.
You block the wyvern's attack.
The wyvern bites you but does no damage.
You hit the wyvern.
The wyvern is almost dead.
The wyvern bites you!
* * * LOW HITPOINT WARNING * * *
A shower of butterflies erupts from you!
The quasit bites you.
* * * LOW HITPOINT WARNING * * *
The quasit barely misses you. You block the quasit's attack.
You hit the wyvern.
The wyvern is almost dead.
The orange demon stings you but does no damage.
The wyvern barely misses you. You block the quasit's attack.
The quasit claws you but does no damage.
The quasit barely misses you.
You hit the wyvern but do no damage.
The wyvern is poisoned.
The wyvern is almost dead.
The wyvern misses the quasit.
The wyvern bites itself.
The wyvern is killed!
The orange demon stings you from afar!
You die...

#####(#####.#####.....
....#.# #...........
##.##+#####...........
...).....##...........
###......#####'##.....
#......#####..#.....
#......##.........##
###+#####...4####..# .
+...55@# ....
#...5#'####..#
#....S4......#
####.b.......#
#...........
#........#..
#........# >
#........+ #........#


You could see an orange demon (summoned), an ice devil (summoned), 2 iron imps,
a quasit (summoned) and a ball python.

Vanquished Creatures
  A wyvern (D:6)
  An ogre (D:3)
  3 black bears
  A centaur (D:6)
  A phantom (D:5)
  A kobold brigand (Sewer)
  A bullfrog (D:6)
  3 hounds (D:5)
  3 jellies
  An orc priest (D:4)
  3 iguanas (D:6)
  2 orc wizards (D:4)
  6 adders
  A white imp (D:5)
  2 worms
  3 dart slugs
  4 orcs
  8 ball pythons
  3 endoplasms
  6 giant cockroaches
  8 goblins
  3 hobgoblins
  7 jackals
  10 kobolds
  7 bats
  6 frilled lizards
  7 rats
102 creatures vanquished.

Notes
Turn   | Place    | Note
-------+----------+-------------------------------------------
     0 | D:1      | Xavori the Djinni Chaos Knight began the quest for the Orb.
     0 | D:1      | Reached XP level 1. HP: 20/20 MP: 0/0
    19 | D:1      | XOM: potion effect (might)
    25 | D:1      | Reached XP level 2. HP: 25/25 MP: 0/0
    52 | D:1      | XOM: silly message
   422 | D:1      | Reached XP level 3. HP: 30/30 MP: 0/0
   422 | D:1      | Learned a level 1 spell: Slow
   553 | D:1      | XOM: divination: detect creatures
   586 | D:1      | XOM: divination: detect creatures
   757 | D:1      | XOM: give mutations
   757 | D:1      | Gained mutation: You are clumsy. (Dex -2) [Xom's mischief]
   757 | D:1      | Gained mutation: You have a pair of small horns on your
                  | head. [Xom's mischief]
   757 | D:1      | Gained mutation: You are dopey. (Int -2) [Xom's mischief]
  1279 | D:1      | XOM: divination: magic mapping
  1343 | D:1      | XOM: give mutation
  1343 | D:1      | Lost mutation: You have a pair of small horns on your head.
                  | [Xom's mischief]
  1606 | D:1      | XOM: noise
  1644 | D:1      | XOM: give mutation
  1644 | D:1      | Gained mutation: You occasionally shout uncontrollably at
                  | your foes. [Xom's mischief]
  1770 | D:1      | XOM: give mutation
  1770 | D:1      | Gained mutation: You are partially covered in iridescent
                  | scales. (AC +2) [Xom's mischief]
  3162 | D:1      | XOM: summons 2 hostile demons
  4385 | D:1      | XOM: silly message
  5317 | D:1      | XOM: cloud trail
  5520 | D:1      | XOM: divination: detect items
  5563 | D:1      | XOM: noise
  6126 | D:1      | XOM: noise
  6838 | D:1      | XOM: cloud trail
  7477 | D:1      | XOM: silly message
  7828 | D:1      | XOM: silly message
  7847 | D:1      | XOM is BORED!
  8382 | D:1      | XOM: god gift: 1130 gold pieces
  8662 | D:2      | Reached skill level 1 in Spellcasting
  8662 | D:2      | Reached skill level 1 in Conjurations
  8662 | D:2      | Reached skill level 1 in Hexes
  8662 | D:2      | Reached skill level 1 in Summonings
  8662 | D:2      | Reached skill level 1 in Necromancy
  8662 | D:2      | Reached skill level 1 in Translocations
  8662 | D:2      | Reached skill level 1 in Transmutations
  8662 | D:2      | Reached skill level 1 in Fire Magic
  8662 | D:2      | Reached skill level 1 in Ice Magic
  8662 | D:2      | Reached skill level 1 in Air Magic
  8662 | D:2      | Reached skill level 1 in Earth Magic
  8662 | D:2      | Reached skill level 1 in Poison Magic
  8716 | D:3      | XOM: polymorph orc -> dart slug
  8745 | D:3      | Reached XP level 4. HP: 31/35 MP: 0/0
  8819 | D:3      | Noticed an ogre
  8846 | D:3      | XOM: polymorph hobgoblin -> ball python
  8868 | D:3      | XOM: smoke on damage
  8869 | D:3      | Killed an ogre
  8870 | D:3      | Reached XP level 5. HP: 5/40 MP: 0/0
  8870 | D:3      | Learned a level 2 spell: Poisonous Vapours
  9452 | D:3      | Reached XP level 6. HP: 46/47 MP: 0/0
  9498 | D:3      | XOM: give mutation
  9498 | D:3      | Gained mutation: You expend health (3 HP) to strengthen
                  | your wands. [Xom's grace]
  9605 | D:4      | XOM: confusion
  9607 | D:4      | XOM: stat loss: -1 Int (11/12)
 10134 | D:4      | XOM: torment (25/47 hp)
 10229 | D:4      | Reached skill level 4 in Fighting
 10483 | D:4      | Found a staircase to the Ecumenical Temple.
 10764 | D:4      | XOM: summons 4 hostile demons
 10765 | D:4      | Noticed a rust devil
 10906 | D:5      | Entered Level 5 of the Dungeon
 10915 | D:5      | Noticed a black bear
 10925 | D:5      | Killed a black bear
 10926 | D:5      | Reached XP level 7. HP: 16/52 MP: 0/0
 10926 | D:5      | Learned a level 3 spell: Tukima's Dance
 11068 | D:5      | XOM: god gift: wand of paralysis (5)
 11233 | D:5      | XOM: summons 4 hostile demons
 11405 | D:5      | XOM: noise
 11436 | D:5      | XOM: give mutations
 11436 | D:5      | Gained mutation: You have a pair of small antennae on your
                  | head. [Xom's grace]
 11436 | D:5      | Gained mutation: Your spells are a little harder to cast,
                  | but a little more powerful. [Xom's grace]
 11436 | D:5      | Gained mutation: Your skin changes colour to match your
                  | surroundings (Stealth+). [Xom's grace]
 11436 | D:5      | Lost mutation: You are clumsy. (Dex -2) [Xom's grace]
 11630 | D:5      | XOM: summons 1 hostile demon
 11654 | D:5      | XOM: stat loss: -1 Dex (13/14)
 11743 | D:5      | Found a blossoming altar of Fedhas.
 11744 | D:5      | Found a shimmering altar of Xom.
 11988 | D:5      | Reached XP level 8. HP: 36/58 MP: 0/0
 12283 | D:6      | Found a hazy altar of Hepliaklqana.
 12290 | D:6      | Found an iron altar of Okawaru.
 12295 | D:6      | Found a glowing golden altar of the Shining One.
 12332 | D:6      | XOM: silly message
 12380 | D:6      | XOM: 1-stop teleportation journey
 12381 | D:6      | XOM: noise
 12398 | D:6      | Found a glowing drain.
 12423 | Sewer    | Entered a sewer
 12574 | Sewer    | Reached skill level 5 in Fighting
 12619 | Sewer    | Found a glowing silver altar of Zin.
 12697 | D:6      | Noticed a wyvern
 12697 | D:6      | XOM: stat loss: -1 Dex (14/15)
 12719 | D:6      | XOM: summons 5 hostile demons
 12720 | D:6      | Noticed an orange demon
 12720 | D:6      | Noticed an ice devil
 12720 | D:6      | XOM: butterfly on damage
 12720 | D:6      | HP: 1/59 [quasit[Xom] (2)]
 12722 | D:6      | Killed a wyvern
 12722 | D:6      | Mangled by an orange demon

Illustrated notes

Levels and vault maps discovered:
D:1:      moated_graveyard_arrival, layout_loops_ring
D:2:      layout_rooms
D:3:      layout_rooms
D:4:      layout_loops_ring, minmay_temple_entry_mist
D:5:      layout_basic, nicolae_overflow_hidden_temple
D:6:      layout_basic, minmay_overflow_temple_star_quad,
          cheibrodos_sewer_entry_sluice

Skill      XL: |  1  2  3  4  5  6  7  8 |
---------------+-------------------------+-----
Long Blades    | 3 4 |  4.5
Spellcasting   | 1 2 3 |  3.4
Conjurations   | 1 2 3 |  3.4
Hexes          | 1 2 3 |  3.4
Summonings     | 1 2 3 |  3.4
Necromancy     | 1 2 3 |  3.4
Translocations | 1 2 3 |  3.4
Transmutations | 1 2 3 |  3.4
Fire Magic     | 1 2 3 |  3.4
Ice Magic      | 1 2 3 |  3.4
Air Magic      | 1 2 3 |  3.4
Earth Magic    | 1 2 3 |  3.4
Poison Magic   | 1 2 3 |  3.4
Armour         | 2 3 4 |  4.0
Dodging        | 3 4 |  4.9
Fighting       | 4 5 |  5.0

Action                     |  1- 3 |  4- 6 |  7- 9 || total
---------------------------+-------+-------+-------++-------
  Melee: Falchion          |    93 |   129 |   223 ||   445
         Punch             |       |     1 |     2 ||     3
   Cast: Slow              |       |     2 |     1 ||     3
         Poisonous Vapours |       |     4 |    17 ||    21
    Use: Potion            |       |     2 |     3 ||     5
   Stab: Paralysed         |     1 |       |     2 ||     3
         Confused          |       |       |     2 ||     2
         Sleeping          |       |       |     2 ||     2
 Armour: Leather armour    |    46 |   137 |   166 ||   349
  Dodge: Dodged            |    78 |   130 |   177 ||   385
  Block: Buckler           |       |       |    33 ||    33

Table legend: (Time is in decaauts)
 A = Elapsed time spent in this place.
 B = Non-inter-level travel time spent in this place.
 C = Inter-level travel time spent in this place.
 D = Time resting spent in this place.
 E = Time spent auto-exploring this place.
 F = Levels seen in this place.
 G = Mean time per level.
                   A        B        C        D        E       F      G
               +--------+--------+--------+--------+--------+-----+--------+
         Total |  12758 |  12569 |    189 |   8704 |   2839 |   7 | 1822.6 |
       Dungeon |  12521 |  12332 |    189 |   8704 |   2666 |   6 | 2086.8 |
         Sewer |    236 |    236 |      0 |      0 |    173 |   1 |  236.0 |
               +--------+--------+--------+--------+--------+-----+--------+

Top non-repeatable levels by time:
     D:1: 8163 daAuts
     D:5: 1261 daAuts
     D:4: 1192 daAuts
     D:3: 1007 daAuts
     D:2: 555 daAuts
     D:6: 341 daAuts
   Sewer: 236 daAuts
